 Dungeon Crawl Stone Soup version 0.29.1-2-gbd0b4ee654 (webtiles) character file.

Game seed: 4172313946492062864

106 jordan2090 the Chopper (level 4, 0/37 HPs)
             Began as a Minotaur Gladiator on Oct 26, 2022.
             Was a Follower of Fedhas.
             Slain by an iguana (3 damage)
             ... on level 5 of the Dungeon.
             The game lasted 00:35:32 (2508 turns).

jordan2090 the Chopper (Minotaur Gladiator)         Turns: 2508, Time: 00:35:33

Health: 0/37       AC:  8    Str: 20    XL:     4   Next: 55%
Magic:  3/3        EV:  8    Int:  5    God:    Fedhas [*.....]
Gold:   138        SH:  0    Dex: 12    Spells: 3/3 levels left

rFire   . . .      SeeInvis .   a - +0 war axe
rCold   . . .      Faith    .   (no shield)
rNeg    . . .      Spirit   .   g - +0 chain mail
rPois   .          Reflect  .   c - +0 hat
rElec   .          Harm     .   (no cloak)
rCorr   .          Rampage  .   (no gloves)
Will    .....                   (no boots)
Stlth   ..........              (no amulet)
HPRegen 0.12/turn               (no ring)
MPRegen 0.08/turn               (no ring)

@: no status effects
A: horns 2, retaliatory headbutt
a: Renounce Religion


You were on level 5 of the Dungeon.
You worshipped Fedhas.
Fedhas was aware of your devotion.
You visited 1 branch of the dungeon, and saw 4 of its levels.

You collected 138 gold pieces.

Inventory:

Hand Weapons
 a - a +0 war axe (weapon)
 b - a +0 halberd of pain
Missiles
 d - 3 throwing nets (quivered)
 e - a javelin
 f - 3 curare-tipped darts
Armour
 c - a +0 hat (worn)
 g - a +0 chain mail (worn)
Jewellery
 i - a +4 ring of protection
Scrolls
 h - a scroll of immolation {unknown}
Potions
 j - a potion of curing {unknown}


   Skills:
 + Level 2.9 Fighting
 + Level 5.1 Axes
 + Level 2.0 Throwing
 + Level 2.2 Armour
 + Level 3.8 Dodging
 + Level 0.5 Stealth


You had 3 spell levels left.
You didn't know any spells.
Your spell library contained the following spells:

 Spells                   Type           Power      Damage    Failure   Level
 Apportation              Tloc           0%         N/A       99%         1
 Necrotise                Necr           0%         1d4       99%         1
 Summon Small Mammal      Summ           0%         N/A       99%         1
 Ozocubu's Armour         Ice            0%         N/A       100%        3
 Metabolic Englaciation   Hex/Ice        0%         N/A       100%        5
 Simulacrum               Ice/Necr       0%         N/A       100%        6
 Ozocubu's Refrigeration  Ice            0%         4d7       100%        7


Dungeon Overview and Level Annotations

Branches:
Dungeon (5/15)             Temple (0/1) D:4

Altars:
Fedhas


Innate Abilities, Weirdness & Mutations

You have a pair of horns on your head.
You reflexively headbutt those who attack you in melee.


Message History

There is an open door here.
You open the door.
There is an open door here.
There is an open door here.
There is an open door here.
There is an open door here.
There is an open door here.
There is an open door here.
There is a staircase to the Ecumenical Temple here.
There is a stone staircase leading down here.
You climb downwards.
Found a stone staircase leading down.
There is a stone staircase leading up here.
An iguana comes into view.
The iguana hisses angrily.
You closely miss the iguana. Your headbutt misses the iguana.
The iguana bites you!
You barely miss the iguana. The iguana bites you!
You closely miss the iguana. You headbutt the iguana.
The iguana is moderately wounded.
The iguana bites you but does no damage.
You hit the iguana.
The iguana is heavily wounded.
The iguana bites you but does no damage.
You barely miss the iguana.
You headbutt the iguana, but do no damage.
The iguana is heavily wounded.
The iguana bites you. The iguana closely misses you.
You hit the iguana but do no damage.
The iguana is heavily wounded.
The iguana bites you.
You barely miss the iguana.
The iguana is heavily wounded.
The iguana bites you!
* * * LOW HITPOINT WARNING * * *
You barely miss the iguana. You headbutt the iguana.
The iguana is severely wounded.
The iguana bites you.
You die...
Fedhas appreciates your contribution to the ecosystem.

............
...........#
...........
........ .....
#..#
#.##########
###.l........#
###...@.......#
##...........##
#...........##
#...........#
#....<.....##
#.........##
##.>.....##
#######.# #.#


You could see an iguana.

Vanquished Creatures
  A hound (D:4)
  An adder (D:2)
  A worm (D:4)
  A dart slug (D:4)
  3 orcs
  3 ball pythons
  6 bats
  6 endoplasms
  A giant cockroach (D:1)
  6 goblins
  8 hobgoblins
  3 jackals (D:1)
  5 quokkas
  A frilled lizard (D:2)
  3 kobolds
  2 rats
51 creatures vanquished.

Notes
Turn   | Place    | Note
-------+----------+-------------------------------------------
     0 | D:1      | jordan2090 the Minotaur Gladiator began the quest for the
                  | Orb.
     0 | D:1      | Reached XP level 1. HP: 18/18 MP: 0/0
   367 | D:1      | Reached XP level 2. HP: 21/25 MP: 1/1
   377 | D:1      | Reached skill level 4 in Axes
   936 | D:2      | Reached XP level 3. HP: 25/30 MP: 2/2
   942 | D:2      | Reached skill level 1 in Armour
  1037 | D:2      | Found a faded altar of an unknown god.
  1059 | D:2      | Prayed at the altar of an unknown god.
  1059 | D:2      | Became a worshipper of Fedhas Madash
  1059 | D:2      | Reached * piety under Fedhas
  1473 | D:2      | You fall into a shaft and drop 2 floors!
  1654 | D:4      | Reached skill level 5 in Axes
  1654 | D:4      | Reached XP level 4. HP: 36/37 MP: 3/3
  1755 | D:4      | Found a staircase to the Ecumenical Temple.
  2485 | D:5      | Entered Level 5 of the Dungeon
  2508 | D:5      | Slain by an iguana

Illustrated notes

Levels and vault maps discovered:
D:1:      zaba_arrival_water, layout_rooms, minmay_split_cup_large
D:2:      layout_loops_ring, hellmonk_ecumenical_altar_defaced_shrine,
          roderic_serpentine_path, serial_bayou_pond_a
D:4:      layout_loops_corners, temple_statues
D:5:      cheibrodos_thug_alley, layout_cave_pods, uniq_blork_the_orc,
          uniq_edmund

Skill      XL: |  1  2  3 |
---------------+----------+-----
Axes           | 4 5 |  5.1
Armour         | 2 |  2.2
Fighting       | |  2.9
Throwing       | |  2.0
Dodging        | |  3.8
Stealth        | |  0.5

Action                   |  1- 3 |  4- 6 || total
-------------------------+-------+-------++-------
Melee: War axe           |    88 |    27 ||   115
       Headbutt          |     8 |     5 ||    13
       Halberd           |     7 |       ||     7
Throw: Throwing net      |       |     2 ||     2
  Use: Scroll            |     6 |     1 ||     7
       Potion            |     1 |     2 ||     3
 Stab: Held in net/web   |       |     2 ||     2
Armor: Leather armour    |     2 |       ||     2
       Ring mail         |     6 |       ||     6
       Scale mail        |    20 |       ||    20
       Chain mail        |    16 |     7 ||    23
Dodge: Dodged            |    55 |     5 ||    60
